 Dungeon Crawl Stone Soup version 0.23-a0-108-gf7ee2ed (webtiles) character file.

25841 Atlas the Thaumaturge (level 12, -8/89 HPs)
             Began as a Mummy Necromancer on Aug 21, 2018.
             Was an Initiate of Gozag.
             Mangled by a minotaur (13 damage)
             ... in a labyrinth on Aug 22, 2018.
             The game lasted 00:39:00 (23663 turns).

Atlas the Thaumaturge (Mummy Necromancer)          Turns: 23663, Time: 00:39:01

Health: -8/89      AC: 14    Str: 13    XL:     12   Next: 93%
Magic:  0/28       EV: 18    Int: 23    God:    Gozag
Gold:   284        SH:  0    Dex: 17    Spells: 27/36 levels left

rFire    . . .     SeeInvis .   o - +2 war axe (flame)
rCold    + . .     Gourm    .   (no shield)
rNeg     + + +     Faith    .   r - +2 ring mail {rF+}
rPois    ∞         Spirit   +   c - +0 helmet (curse)
rElec    .         Reflect  .   t - +2 cloak {MR+}
rCorr    .         Harm     .   x - +0 pair of gloves
MR       +++..                  (no boots)
Stlth    +++.......             e - amulet of guardian spirit
HPRegen  0.24/turn              A - ring of protection from magic
MPRegen  0.21/turn              d - ring of wizardry

@: brilliant, agile, flying, very slightly contaminated, hasted, very quick
A: no food or potions, fire vulnerability, cold resistance 1, negative energy
resistance 3, torment resistance, unbreathing
a: Potion Petition, Call Merchant, Bribe Branch, Renounce Religion


You were in a labyrinth.
You worshipped Gozag.
Gozag was aware of your devotion.
You were not hungry.

You visited 2 branches of the dungeon, and saw 15 of its levels.
You also visited: Labyrinth and Bailey.

You collected 2768 gold pieces.
You spent 502 gold pieces at shops.
You paid 1982 gold pieces to Gozag.

Inventory:

Hand Weapons
 o - a +2 war axe of flaming (weapon)
 s - a +2 rapier of electrocution
Missiles
 q - a throwing net (quivered)
Armour
 c - a cursed +0 helmet (worn)
 g - a scarf of repulsion
 r - a +2 ring mail of fire resistance (worn)
 t - a +2 cloak of magic resistance (worn)
 x - a +0 pair of gloves (worn)
Magical Staves
 F - an uncursed staff of earth {unknown}
 G - an uncursed staff of death {unknown}
Jewellery
 d - a ring of wizardry (right hand)
 e - an amulet of guardian spirit (around neck)
 u - an uncursed ring of flight
 y - an uncursed ring of wizardry
 A - a ring of protection from magic (left hand)
 H - an uncursed ring of protection from cold
Wands
 f - a wand of flame (13)
 k - a wand of random effects (2)
 m - a wand of digging (12)
 n - a wand of acid (1)
 E - a wand of polymorph (15)
 I - a wand of iceblast (2)
 J - a wand of paralysis (20)
Scrolls
 a - 3 scrolls of fog
 b - a scroll of magic mapping
 h - 7 scrolls of remove curse
 i - 4 scrolls of immolation
 j - a scroll of teleportation
 l - 4 scrolls of amnesia
 p - 2 scrolls of fear
 v - 2 scrolls of vulnerability
 w - 2 scrolls of enchant weapon
 z - 2 scrolls of identify
 B - a scroll of torment
Miscellaneous
 C - a phial of floods
 D - a phantom mirror


   Skills:
 + Level 6.8 Fighting
 + Level 8.2 Axes
 + Level 7.2 Armour
 + Level 5.0 Dodging
 + Level 3.9 Stealth
 + Level 0.1 Unarmed Combat
 + Level 12.8 Spellcasting
 + Level 11.0 Necromancy
 + Level 1.2 Evocations


You had 27 spell levels left.
You knew the following spells:

 Your Spells              Type           Power        Failure   Level  Hunger
a - Pain                  Necr           ####         1%          1    N/A
b - Bolt of Draining      Conj/Necr      ######....   3%          5    N/A
c - Vampiric Draining     Necr           ######....   1%          3    N/A

Your spell library contained the following spells:

 Spells                   Type           Power        Failure   Level  Hunger
 Animate Skeleton         Necr           N/A          1%          1    N/A
 Freeze                   Ice            ####         1%          1    N/A
 Shroud of Golubria       Chrm/Tloc      ####......   1%          2    N/A
 Throw Frost              Conj/Ice       ####..       1%          2    N/A
 Animate Dead             Necr           N/A          1%          4    N/A
 Ozocubu's Armour         Chrm/Ice       ####....     3%          3    N/A
 Recall                   Summ/Tloc      N/A          3%          3    N/A
 Summon Ice Beast         Ice/Summ       ####....     10%         4    N/A
 Throw Icicle             Conj/Ice       ####....     10%         4    N/A
 Malign Gateway           Summ/Tloc      ####......   99%         7    N/A
 Sublimation of Blood     Necr           Unusable     N/A         2    N/A
 Regeneration             Chrm/Necr      Unusable     N/A         3    N/A

Dungeon Overview and Level Annotations

Branches:
Dungeon (14/15)            Temple (1/1) D:6            Lair (0/6) D:11
    Orc (0/2) D:10
 Vaults: D:13-14

Altars:
Ashenzari
Cheibriados
Dithmenos
Elyvilon
Fedhas
Gozag
Hepliaklqana
Kikubaaqudgha
Makhleb
Nemelex Xobeh
Okawaru
Qazlal
Ru
Sif Muna
Trog
Uskayaw
Vehumet
Wu Jian
Xom
Yredelemnul
Zin
The Shining One

Shops:
D:7 [   D:9 :   D:10 =   D:12 ?

Annotations:
D:4 TWO HEADED OGRE


Innate Abilities, Weirdness & Mutations

You do not eat or drink.
Your flesh is vulnerable to fire.
You are immune to poison.
Your flesh is cold resistant. (rC+)
You are immune to negative energy. (rN+++)
You are immune to unholy pain and torment.
You can survive without breathing.


Message History

The minotaur hits you!
* * * LOW HITPOINT WARNING * * *
The minotaur gores you but does no damage. [a] - 391 gold - haste, agility and flight [b] - 276 gold - might, agility and brilliance [c] - 264 gold - invisibility and agility Purchase which effect?
You no longer have enough gold to petition Gozag for potion effects.
You feel as though your hastened speed will last longer.
You feel agile all of a sudden.
You feel very buoyant.
You fly up into the air.
You barely miss the minotaur.
The minotaur is almost dead.
The minotaur barely misses you. The minotaur gores you!
* * * LOW HITPOINT WARNING * * *
You closely miss the minotaur.
The minotaur is almost dead.
The minotaur hits you!
You die...
Your body crumbles into a pile of gold.

.#. # # #
#. ...#
## #
###.### '
#...#
.#### ##
.###
###...H
#.. ..#..
# #
#.###H###
#.....@.#
#####.###
#.# ###


You could see a minotaur.

Vanquished Creatures
  A hydra (D:11)
  A centaur warrior (D:12)
  Erica (D:8)
  7 two-headed ogres
  A tengu warrior (D:13)
  An unseen horror (D:13)
  A wizard (D:12)
  Pikel (D:6)
  An oklob plant (D:11)
  2 deep elf magi (D:12)
  3 ugly things
  2 manticores (D:11)
  A centaur zombie (D:12)
  A gargoyle (D:13)
  A harpy zombie (D:13)
  Prince Ribbit (D:7)
  2 trolls (D:10)
  A hornet (D:13)
  A meliai zombie (D:12)
  7 hippogriffs
  A shadow (D:13)
  4 slime creatures
  8 yaks
  Sigmund (D:5)
  A wraith (D:11)
  A redback (Lab)
  3 basilisks
  A hungry ghost (D:12)
  4 vampire mosquitoes (D:12)
  A water moccasin (D:11)
  Duvessa (D:4)
  2 sky beasts
  An ice beast (D:7)
  11 orc warriors
  2 black bears
  A necrophage (D:6)
  8 ogres
  3 centaurs
  10 bullfrogs
  3 elf zombies (D:7)
  A gnoll sergeant (D:9)
  Dowan (D:4)
  An elf skeleton (D:7)
  A wyvern skeleton (D:7)
  4 scorpions
  19 killer bees
  4 wights
  5 crimson imps
  5 hounds
  3 jellies
  3 quasits
  3 bullfrog zombies
  6 orc priests
  5 centaur skeletons
  2 bullfrog skeletons
  14 orc wizards
  A human zombie (D:7)
  Jessica (D:3)
  2 iguanas
  Ijyb (D:5)
  10 worker ants
  Terence (D:2)
  A hound skeleton (D:4)
  A worker ant zombie (D:11)
  4 gnolls
  11 adders
  5 shadow imps
  2 adder skeletons
  4 worms
  A dart slug (D:3)
  4 leopard geckos
  72 orcs
  5 giant cockroaches
  8 goblins
  6 hobgoblins
  7 jackals
  12 kobolds
  4 quokkas
  2 ball pythons
  8 bats
  4 frilled lizards
  A leopard gecko skeleton (D:5)
  An orc skeleton (D:7)
  A quokka zombie (D:7)
  9 rats
370 creatures vanquished.

Vanquished Creatures (others)
  An orc (D:11)
  A plant (D:11)
2 creatures vanquished.

Grand Total: 372 creatures vanquished

Notes
Turn   | Place    | Note
-------+----------+-------------------------------------------
     0 | D:1      | Atlas the Mummy Necromancer began the quest for the Orb.
     0 | D:1      | Reached XP level 1. HP: 13/13 MP: 4/4
   514 | D:1      | Reached skill level 3 in Spellcasting
   520 | D:1      | Reached XP level 2. HP: 19/19 MP: 0/6
  1556 | D:2      | Reached XP level 3. HP: 23/24 MP: 2/7
  1562 | D:2      | Learned a level 3 spell: Vampiric Draining
  2792 | D:3      | Noticed Terence
  2803 | D:2      | Killed Terence
  2803 | D:2      | Reached skill level 4 in Spellcasting
  2903 | D:3      | Reached XP level 4. HP: 30/30 MP: 8/10
  3000 | D:3      | Noticed Jessica
  3003 | D:3      | Killed Jessica
  3582 | D:4      | Got a brightly glowing scale mail
  3633 | D:4      | Reached skill level 5 in Spellcasting
  3639 | D:4      | Identified the +6 scale mail of Complete Protection {rElec rPois Str-3 Stlth+} (You found it on level 4 of the Dungeon)
  3719 | D:4      | Reached XP level 5. HP: 33/35 MP: 0/12
  3816 | D:4      | Reached skill level 5 in Necromancy
  3839 | D:4      | Noticed Duvessa
  3841 | D:4      | Noticed Dowan
  4129 | D:4      | Killed Duvessa
  4129 | D:4      | Reached skill level 1 in Armour
  4129 | D:4      | Reached XP level 6. HP: 27/41 MP: 4/14
  4238 | D:4      | Killed Dowan
  4318 | D:4      | Reached skill level 6 in Spellcasting
  4931 | D:4      | Noticed a two-headed ogre
  4963 | D:5      | Entered Level 5 of the Dungeon
  5033 | D:5      | Reached XP level 7. HP: 41/47 MP: 12/16
  5216 | D:5      | Noticed Ijyb
  5223 | D:5      | Killed Ijyb
  5223 | D:5      | Reached skill level 1 in Axes
  5309 | D:5      | Reached skill level 1 in Fighting
  5375 | D:5      | Noticed Sigmund
  5381 | D:5      | Killed Sigmund
  5381 | D:5      | Reached skill level 7 in Spellcasting
  5573 | D:5      | Found a snail-covered altar of Cheibriados.
  5575 | D:5      | Found a bloodstained altar of Trog.
  5577 | D:5      | Found a radiant altar of Vehumet.
  5616 | D:5      | Reached XP level 8. HP: 46/54 MP: 18/18
  6040 | D:6      | Found a stormy altar of Qazlal.
  6046 | D:6      | Found a blossoming altar of Fedhas.
  6481 | D:6      | Found a staircase to the Ecumenical Temple.
  6493 | Temple   | Entered the Ecumenical Temple
  6610 | Temple   | Became a worshipper of Gozag Ym Sagoz the Greedy
  6740 | D:6      | Reached skill level 8 in Spellcasting
  6876 | D:6      | Noticed Pikel
  6904 | D:6      | Killed Pikel
  6904 | D:6      | Reached XP level 9. HP: 45/64 MP: 6/21
  7518 | D:7      | Found a sand-covered staircase.
  8224 | D:7      | Noticed Prince Ribbit
  8238 | D:7      | Killed Prince Ribbit
  8402 | D:7      | Reached skill level 9 in Spellcasting
  8516 | D:7      | Found Suwaosche's Armour Boutique.
  8521 | D:7      | Bought a +2 ring mail of fire resistance for 210 gold pieces
  8877 | D:7      | Got a crystal war axe
  9027 | D:7      | Identified the +3 war axe "Ittem" {antimagic, Str+4} (You found it on level 7 of the Dungeon)
  9718 | D:8      | Noticed Erica
  9903 | D:8      | Reached XP level 10. HP: 53/71 MP: 14/23
 10022 | D:8      | Reached skill level 5 in Axes
 10079 | D:8      | Killed Erica
 10702 | D:8      | Found an ornate altar of the Wu Jian Council.
 10820 | D:9      | Noticed a two-headed ogre
 10836 | D:9      | Killed a two-headed ogre
 10836 | D:9      | Reached skill level 10 in Spellcasting
 11189 | D:9      | Reached skill level 5 in Armour
 11863 | D:9      | Found a burning altar of Makhleb.
 12399 | D:4      | You fall through a shaft for 2 floors!
 12564 | D:4      | Killed a two-headed ogre
 12564 | D:4      | Reached XP level 11. HP: 50/78 MP: 21/25
 12984 | D:10     | Entered Level 10 of the Dungeon
 13070 | D:10     | Noticed a two-headed ogre
 13089 | D:10     | Killed a two-headed ogre
 13089 | D:10     | Reached skill level 5 in Fighting
 14134 | D:10     | Found Utonyodae's Jewellery Shop.
 14137 | D:10     | Bought an uncursed ring of protection from magic for 250 gold pieces
 14407 | D:10     | Found a staircase to the Orcish Mines.
 14547 | D:11     | Noticed an oklob plant
 14551 | D:11     | Noticed an eight-headed hydra
 14589 | D:11     | Found a flagged portal.
 14590 | D:11     | Noticed a red ugly thing
 14593 | Bailey   | Entered a bailey
 15213 | Bailey   | Found a bloodstained altar of Trog.
 15859 | D:11     | Killed a red ugly thing
 15859 | D:11     | Reached skill level 11 in Spellcasting
 15912 | D:11     | Found a staircase to the Lair.
 17596 | D:11     | Killed a seven-headed hydra
 17596 | D:11     | Reached skill level 1 in Evocations
 18187 | D:11     | Killed an oklob plant
 18322 | D:12     | Reached XP level 12. HP: 88/88 MP: 22/27
 18500 | D:12     | Reached skill level 10 in Necromancy
 18841 | D:12     | Bought a scroll of fear for 42 gold pieces
 19737 | D:12     | Noticed a two-headed ogre
 19749 | D:12     | Killed a two-headed ogre
 20952 | D:13     | Noticed a two-headed ogre
 20967 | D:13     | Noticed a centaur warrior
 21288 | D:12     | Killed a centaur warrior
 21288 | D:12     | Reached skill level 12 in Spellcasting
 21966 | D:13     | Noticed a tengu warrior
 21975 | D:13     | Killed a tengu warrior
 22376 | D:13     | Noticed a two-headed ogre
 22377 | D:13     | Noticed a two-headed ogre
 22392 | D:13     | Killed a two-headed ogre
 22394 | D:13     | Killed a two-headed ogre
 22394 | D:13     | Reached skill level 5 in Dodging
 22600 | D:13     | Killed a two-headed ogre
 22713 | D:13     | Identified the Guide on the Unholy Compass
 22722 | D:13     | Learned a level 5 spell: Bolt of Draining
 23128 | D:14     | Found a labyrinth entrance.
 23158 | Lab      | Entered a labyrinth
 23631 | Lab      | Noticed a minotaur
 23663 | Lab      | Mangled by a minotaur

Vault maps used:
D:1:      lemuel_arrival_tunnels
D:3:      uniq_terence, uniq_jessica
D:4:      kennysheep_dice, uniq_duvessa
D:5:      minitemple, first_ration, uniq_ijyb, uniq_sigmund
D:6:      grunt_temple_overflow_forces_of_nature, temple_hall, uniq_pikel
D:7:      serial_shops, nicolae_shop_temple_entry_statues_fountains,
          nicolae_ossuary_entry_catacombs, uniq_prince_ribbit1
D:8:      lemuel_coloured_pillars_altar, special_room, uniq_erica
D:9:      bloody_makhleb
D:10:     orc_0_dummy, serial_shops, shop_fountains
D:11:     dpeg_oklobed_lair, enter_bailey_1
D:13:     grunt_tengu_nest
D:14:     david_vaults_4, lab_entry_generic, kennysheep_windowed_goal
Temple:   nicolae_temple_elliptical
Lab:      labyrinth_green, nicolae_lab_swirl
Bailey:   bailey_axe_3, bailey

Skill      XL: |  1  2  3  4  5  6  7  8  9 10 11 12 |
---------------+-------------------------------------+-----
Spellcasting   | 3 4 5 6 7 8 9 10 11 12 | 12.8
Necromancy     | 5 6 7 8 9 11 | 11.0
Armour         | 1 2 3 4 5 6 7 |  7.2
Dodging        | 2 3 4 5 |  5.0
Axes           | 2 3 4 6 7 8 |  8.2
Fighting       | 1 3 4 6 |  6.8
Stealth        | 2 3 |  3.9
Evocations     | 1 |  1.2
Unarmed Combat | |  0.1

Action                   |  1- 3 |  4- 6 |  7- 9 | 10-12 || total
-------------------------+-------+-------+-------+-------++-------
Melee: Unarmed           |    34 |    19 |       |       ||    53
       Short sword       |       |    25 |       |       ||    25
       War axe           |       |    14 |   244 |   727 ||   985
Throw: Throwing net      |       |       |       |     1 ||     1
 Cast: Pain              |    90 |    99 |    43 |   150 ||   382
       Vampiric Draining |     2 |     7 |    37 |   108 ||   154
       Bolt of Draining  |       |       |       |     4 ||     4
Invok: Call Merchant     |       |       |       |     2 ||     2
       Potion Petition   |       |       |       |     2 ||     2
Evoke: Wand              |       |     5 |     2 |    33 ||    40
  Use: Scroll            |     4 |     4 |     3 |    15 ||    26
 Stab: Sleeping          |       |       |     4 |     6 ||    10
       Distracted        |       |       |     2 |     6 ||     8
       Held in net/web   |       |       |       |     3 ||     3
Armor: Ring mail         |    30 |    34 |   141 |   470 ||   675
Dodge: Dodged            |    52 |    71 |   209 |   677 ||  1009
       Deflected         |       |       |     1 |    21 ||    22

Table legend:
 A = Non-vault XP
 B = Vault XP
 C = Vault XP percentage of total XP
 D = Non-vault monster count
 E = Vault monster count
 F = Vault count percentage of total count
                 A         B        C        D         E       F
            +---------+---------+-------+---------+---------+-------
      Total |   31271 |    5645 |  15.3 |     308 |      63 |  17.0
            +---------+---------+-------+---------+---------+-------
        D:1 |      24 |       0 |   0.0 |      14 |       0 |   0.0
        D:2 |      37 |      32 |  46.4 |      18 |       1 |   5.3
        D:3 |      38 |      37 |  49.3 |      15 |       1 |   6.2
        D:4 |    1144 |     267 |  18.9 |      27 |       3 |  10.0
        D:5 |     788 |     259 |  24.7 |      16 |       2 |  11.1
        D:6 |     873 |     641 |  42.3 |      23 |       1 |   4.2
        D:7 |    1631 |     698 |  30.0 |      27 |       7 |  20.6
        D:8 |     898 |    1281 |  58.8 |      11 |      27 |  71.1
        D:9 |    2586 |       0 |   0.0 |      23 |       0 |   0.0
       D:10 |    3511 |       0 |   0.0 |      28 |       0 |   0.0
       D:11 |    6232 |     565 |   8.3 |      52 |       1 |   1.9
       D:12 |    7958 |       0 |   0.0 |      42 |       0 |   0.0
       D:13 |    5515 |     859 |  13.5 |      11 |       1 |   8.3
       D:14 |      36 |       0 |   0.0 |       1 |       0 |   0.0
        Lab |       0 |     589 | 100.0 |       0 |       3 | 100.0
     Bailey |       0 |     417 | 100.0 |       0 |      16 | 100.0
            +---------+---------+-------+---------+---------+-------
